 Dungeon Crawl Stone Soup version 0.30-a0-847-g17996783a1 (webtiles) character file.

Game seed: 12262394228589749498

459 arthad the Caller (level 6, -3/24 HPs)
             Began as a Felid Summoner on Mar 3, 2023.
             Slain by an orc wizard
             ... wielding a +0 dagger
              (4 damage)
             ... on level 5 of the Dungeon.
             The game lasted 00:20:57 (4731 turns).

arthad the Caller (Felid Summoner)                  Turns: 4731, Time: 00:20:57

Health: -3/24      AC:  4    Str:  4    XL:     6   Next: 78%
Magic:  2/12       EV: 17    Int: 19    God:
Gold:   257        SH:  0    Dex: 16    Spells: 3/12 levels left
                                        Lives:  0   Deaths: 1

rFire   . . .      SeeInvis +    (weapon unavailable)
rCold   . . .      Faith    .    (shield unavailable)
rNeg    + . .      Spirit   .    (body armour unavailable)
rPois   +          Reflect  .    (helmet unavailable)
rElec   .          Rampage  .    (cloak unavailable)
rCorr   .                        (gloves unavailable)
Will    .....                    (boots unavailable)
Stlth   ++                       (no amulet)
HPRegen 0.24/turn                i - ring of positive energy
MPRegen 0.13/turn                (no ring)

@: on berserk cooldown, slowed, slow
A: very small, claws 1, fangs 3, see invisible, speed 1, shaggy fur 2, stealthy
paws, no weapons or thrown items, no armour, multi-lived, iridescent scales 1,
poison resistance
a: no special abilities


You were on level 5 of the Dungeon.
You visited 1 branch of the dungeon, and saw 5 of its levels.

You collected 257 gold pieces.

Inventory:

Hand Weapons
 h - the +2 dagger of the Magic Mushroom {flame, Will+}
   (You found it on level 2 of the Dungeon)

   Will:      It increases your willpower.
Jewellery
 i - a ring of positive energy (left paw)
 n - an amulet of faith
Scrolls
 b - a scroll of identify
 c - a scroll of magic mapping {unknown}
 d - a scroll of amnesia {unknown}
 e - a scroll of blinking {unknown}
 m - 2 scrolls of torment
 o - a scroll of fear {unknown}
 p - 2 scrolls of vulnerability {unknown}
 r - a scroll of enchant weapon {unknown}
 t - a scroll of teleportation {unknown}
Potions
 a - a potion of magic
 f - a potion of invisibility
 g - 2 potions of brilliance
 j - a potion of attraction {unknown}
 k - a potion of degeneration
 l - a potion of heal wounds {unknown}
 q - 2 potions of berserk rage
 s - a potion of haste {unknown}


   Skills:
 + Level 0.0 Fighting
 + Level 2.7 Dodging
 - Level 2.6 Stealth
 + Level 0.0 Unarmed Combat
 * Level 3.6 Spellcasting
 * Level 4.6 Hexes
 * Level 6.1 Summonings
 * Level 2.8 Air Magic


You had 3 spell levels left.
You knew the following spells:

 Your Spells              Type           Power      Damage    Failure   Level
a - Summon Small Mammal   Summ           100%       N/A       1%          1
b - Call Imp              Summ           26%        N/A       1%          2
c - Call Canine Familiar  Summ           26%        N/A       3%          3
d - Summon Guardian Gole  Hex/Summ       24%        N/A       4%          3

Your spell library contained the following spells:

 Spells                   Type           Power      Damage    Failure   Level
 Lesser Beckoning         Tloc           6%         N/A       22%         2
 Frozen Ramparts          Ice            6%         1d1       41%         3
 Gell's Gravitas          Tloc           3%         N/A       41%         3
 Teleport Other           Tloc           3%         N/A       41%         3
 Summon Lightning Spire   Summ/Air       20%        N/A       22%         4
 Summon Ice Beast         Ice/Summ       15%        N/A       38%         4
 Summon Forest            Summ/Tloc      7%         N/A       75%         5
 Ice Form                 Ice/Tmut       3%         N/A       82%         4
 Eringya's Noxious Bog    Tmut/Pois      1%         N/A       100%        6
 Summon Hydra             Summ           13%        N/A       100%        7


Dungeon Overview and Level Annotations

Branches:
Dungeon (5/15)
 Temple: D:4-7

Altars:
Kikubaaqudgha
Xom
Yredelemnul

Shops:
D:2 [:=(

Annotations:
D:3 3 runed translucent doors, greenreed's ghost, amateur SpEE; jasper's ghost, amateur HOCA; monoptic's ghost, amateur HOFi


Innate Abilities, Weirdness & Mutations

You have sharp claws.
You have razor-sharp teeth.
You have supernaturally acute eyesight. (SInv)
You cover ground quickly. (Speed+)
You are covered in thick fur. (AC +2)
Your paws help you pounce on unaware monsters.
You are incapable of wielding weapons or throwing items.
You cannot wear armour.
You gain extra lives every three experience levels.
You are partially covered in iridescent scales. (AC +2)
Your system is resistant to poisons. (rPois)


Message History

The fiery explosion engulfs you!!
Ouch! That really hurt!
* * * LOW HITPOINT WARNING * * *
Your hound closely misses the orc wizard.
The orc wizard casts a spell at your hound.
Your hound appears confused.
Your hound closely misses the orc wizard.
The orc wizard hits your hound with a +0 dagger.
Your hound bites the orc wizard.
Your hound bites the orc wizard but does no damage.
The orc wizard hits your hound with a +0 dagger.
Your hound misses the orc wizard.
It was a potion of berserk rage.
A red film seems to cover your vision as you go berserk!
You feel yourself moving faster!
You feel mighty!
The orc wizard hits your hound with a +0 dagger.
You are too berserk!
You feel a strong urge to attack something.
The orc wizard barely misses your hound.
You feel your anger nearly subside.
The orc wizard hits your hound but does no damage.
Your hound is engulfed in blazing flames.
Your hound dies!
Your hound's corpse disappears in a puff of smoke!
You are no longer berserk.
You are exhausted.
You feel yourself slow down.
You scratch the orc wizard but do no damage.
The orc wizard is severely wounded.
The orc wizard completely misses you.
You scratch the orc wizard.
The orc wizard is severely wounded.
The orc wizard closely misses you.
The orc wizard hits you with a +0 dagger.
* * * LOW HITPOINT WARNING * * *
You completely miss the orc wizard.
You bite the orc wizard, but do no damage.
The orc wizard is severely wounded.
The orc wizard hits you with a +0 dagger.
You die...

## #. .#.####
#.##......##
.[.##.....##
######.##.#.#..####
#.........#.......##
#...☼.°#..#........#
#.....☼#....>.......
#..@°°.............(
#<..o..#....[.......
#....)).............
#........5.........#
#######............#
#...........##
##.#.........#
#............#
#.............


You could see an orc wizard (invisible, ally target) and a friendly crimson imp
(summoned, wandering).

Vanquished Creatures
  A howler monkey (D:4)
  An adder (D:2)
  A giant cockroach (D:1)
  A goblin (D:1)
  A ball python (D:3)
  2 bats (D:1)
  A kobold (D:1)
  A rat (D:1)
9 creatures vanquished.

Vanquished Creatures (collateral kills)
  A black bear (D:4)
  A howler monkey (D:4)
  2 orc priests (D:4)
  A jelly (D:4)
  A hound (D:3)
  An iguana (D:5)
  A sleepcap (D:4)
  An orc wizard (D:4)
  3 gnolls (D:3)
  2 adders (D:2)
  A shadow imp (D:5)
  2 worms
  4 dart slugs
  12 orcs
  4 bats
  7 endoplasms
  A giant cockroach (D:1)
  12 goblins
  8 hobgoblins
  10 kobolds
  7 ball pythons
  2 frilled lizards
  4 rats
88 creatures vanquished.

Vanquished Creatures (others)
  An iguana (D:5)
  An orc (D:5)
2 creatures vanquished.

Grand Total: 99 creatures vanquished

Notes
Turn   | Place    | Note
-------+----------+-------------------------------------------
     0 | D:1      | arthad the Felid Summoner began the quest for the Orb.
     0 | D:1      | Reached XP level 1. HP: 7/7 MP: 4/4
   182 | D:1      | Reached XP level 2. HP: 11/11 MP: 3/6
   584 | D:1      | Learned a level 2 spell: Call Imp
   937 | D:1      | Reached skill level 5 in Summonings
   937 | D:1      | Reached XP level 3. HP: 14/14 MP: 1/7
   941 | D:1      | Learned a level 3 spell: Call Canine Familiar
  1354 | D:2      | Identified the +2 dagger of the Magic Mushroom {flame,
                  | Will+}
  1507 | D:2      | Found Qysacrap's Weapon Boutique.
  1516 | D:2      | Reached skill level 1 in Hexes
  1627 | D:2      | Found Benas's Antique Armour Shoppe.
  1685 | D:2      | Reached XP level 4. HP: 18/18 MP: 8/8
  1801 | D:2      | Found Aramy's Jewellery Shoppe.
  1808 | D:2      | Found Zaiqu's Book Emporium.
  2026 | D:3      | Found a runed translucent gate.
  2026 | D:3      | Found a runed translucent gate.
  2046 | D:3      | Reached skill level 1 in Air Magic
  2137 | D:3      | Found a runed translucent gate.
  2139 | D:3      | Noticed monoptic's ghost (amateur HOFi)
  2139 | D:3      | Noticed jasper's ghost (amateur HOCA)
  2140 | D:3      | Noticed greenreed's ghost (amateur SpEE)
  2622 | D:3      | Reached XP level 5. HP: 21/21 MP: 5/9
  3264 | D:4      | Gained mutation: You do not regenerate when monsters are
                  | visible. [potion of mutation]
  3264 | D:4      | Gained mutation: Your system is resistant to poisons.
                  | (rPois) [potion of mutation]
  3264 | D:4      | Gained mutation: Your mind is acute. (Int +4, Str/Dex -1)
                  | [potion of mutation]
  3273 | D:4      | Slain by an orc
  3274 | D:4      | Reached XP level 4. HP: -2/18 MP: 6/9
  3279 | D:4      | Lost mutation: You do not regenerate when monsters are
                  | visible. [potion of mutation]
  3279 | D:4      | Lost mutation: Your mind is acute. (Int +4, Str/Dex -1)
                  | [potion of mutation]
  3279 | D:4      | Gained mutation: You are partially covered in iridescent
                  | scales. (AC +2) [potion of mutation]
  3391 | D:4      | Reached XP level 5. HP: 21/21 MP: 3/10
  3624 | D:4      | Noticed a black bear
  3648 | D:4      | Killed a black bear
  3649 | D:4      | Gained mutation: You are covered in thick fur. (AC +2)
                  | [Felid growth]
  3649 | D:4      | Reached XP level 6. HP: 24/24 MP: 3/11
  3714 | D:4      | Reached skill level 6 in Summonings
  3789 | D:4      | Found a basalt altar of Yredelemnul.
  3790 | D:4      | Found a shimmering altar of Xom.
  4149 | D:4      | Found an ancient bone altar of Kikubaaqudgha.
  4540 | D:5      | Entered Level 5 of the Dungeon
  4545 | D:5      | Learned a level 3 spell: Summon Guardian Golem
  4730 | D:5      | HP: 1/24 [orc wizard/+0 dagger (3)]
  4731 | D:5      | Slain by an orc wizard

Illustrated notes

Levels and vault maps discovered:
D:1:      sevenhm_arrival_forest_fort_small_4, layout_basic
D:2:      layout_basic, serial_shops, nicolae_shop_bloodbath_and_beyond,
          nicolae_shop_stone, shop, shop
D:3:      layout_loops_ring, gammafunk_ghost_cemetery, minmay_pentangle
D:4:      layout_basic, general_overflow_altar, nicolae_overflow_squiral
D:5:      layout_rooms, minmay_manual_mandibuliform, uniq_edmund

Skill      XL: |  1  2  3  4  5  6 |
---------------+-------------------+-----
Summonings     | 5 6 |  6.1
Hexes          | 1 2 4 |  4.6
Air Magic      | 1 2 |  2.8
Spellcasting   | 3 |  3.6
Dodging        | |  2.7
Stealth        | |  2.6

Action                     |  1- 3 |  4- 6 || total
---------------------------+-------+-------++-------
  Melee: Unarmed           |    23 |    28 ||    51
         Bite              |     5 |     4 ||     9
   Cast: Summon Small Mamm |    44 |    28 ||    72
         Call Imp          |     8 |    19 ||    27
         Call Canine Famil |     5 |    29 ||    34
         Summon Guardian G |       |     2 ||     2
    Use: Scroll            |       |     3 ||     3
         Potion            |       |     4 ||     4
 Armour: Skin              |     4 |     1 ||     5
  Dodge: Dodged            |    34 |    30 ||    64

Table legend: (Time is in decaauts)
 A = Elapsed time spent in this place.
 B = Non-inter-level travel time spent in this place.
 C = Inter-level travel time spent in this place.
 D = Time resting spent in this place.
 E = Time spent auto-exploring this place.
 F = Levels seen in this place.
 G = Mean time per level.
                   A        B        C        D        E       F      G
               +--------+--------+--------+--------+--------+-----+--------+
         Total |   4229 |   4149 |     80 |    126 |   3167 |   5 |  845.8 |
       Dungeon |   4229 |   4149 |     80 |    126 |   3167 |   5 |  845.8 |
               +--------+--------+--------+--------+--------+-----+--------+

Top non-repeatable levels by time:
     D:1: 1209 daAuts
     D:4: 1196 daAuts
     D:3: 1087 daAuts
     D:2: 602 daAuts
     D:5: 134 daAuts
